 Dungeon Crawl Stone Soup version 0.31-a0-117-g42d8f58691 (webtiles) character file.

Game seed: 16032746329378663126

4 mopl the Vexing (level 1, 0/10 HPs)
             Began as a Deep Elf Enchanter on May 30, 2023.
             Slain by a jackal (1 damage)
             ... on level 1 of the Dungeon.
             The game lasted 00:00:21 (95 turns).

mopl the Vexing (Deep Elf Enchanter)                  Turns: 95, Time: 00:00:22

Health: 0/10       AC:  2    Str:  5    XL:     1   Next: 58%
Magic:  6/6        EV: 12    Int: 19    God:
Gold:   7          SH:  0    Dex: 15    Spells: 6/6 levels left

rFire   . . .        a - +1 dagger
rCold   . . .        (no shield)
rNeg    . . .        b - +0 robe
rPois   .            (no helmet)
rElec   .            (no cloak)
rCorr   .            (no gloves)
SInv    .            (no boots)
Will    .....        (no amulet)
Stlth   +++          (no ring)
HPRegen 0.21/turn    (no ring)
MPRegen 0.10/turn

%: no passive effects
@: no status effects
A: no striking features
a: no special abilities


You were on level 1 of the Dungeon.
You visited 1 branch of the dungeon, and saw 1 of its levels.

You collected 7 gold pieces.

Inventory:

Hand Weapons
 a - a +1 dagger (weapon)
Armour
 b - a +0 robe (worn)
Scrolls
 d - a scroll of identify {unknown}
Potions
 c - 2 potions of invisibility


   Skills:
 + Level 0.2 Fighting
 + Level 1.1 Short Blades
 - Level 2.4 Dodging
 + Level 3.7 Stealth
 + Level 3.1 Spellcasting
 + Level 4.1 Hexes


You had 6 spell levels left.
You didn't know any spells.
Your spell library contained the following spells:

 Spells                   Type           Power      Damage    Failure   Level
 Confusing Touch          Hex            18%        N/A       9%          3
 Tukima's Dance           Hex            18%        N/A       9%          3
 Ensorcelled Hibernation  Hex/Ice        20%        N/A       10%         2
 Magic Dart               Conj           8%         1d3       16%         1
 Dazzling Flash           Conj/Hex       20%        N/A       19%         3
 Call Imp                 Summ           4%         N/A       22%         2
 Mephitic Cloud           Conj/Pois/Air  2%         N/A       41%         3


Dungeon Overview and Level Annotations

Branches:
Dungeon (1/15)

Altars:


Message History

A jackal comes into view.
A jackal comes into view.
The kobold shouts!
The jackal barks! x2; You hear a bark!
A jackal comes into view.
You hit the kobold.
The kobold is moderately wounded.
The kobold closely misses you.
You closely miss the kobold.
The kobold is moderately wounded.
The jackal bites you but does no damage.
The kobold hits you with a +0 short sword.
You barely miss the kobold.
The kobold is moderately wounded.
The jackal bites you.
You closely miss the kobold.
The kobold is moderately wounded.
The jackal bites you. The kobold hits you but does no damage.
You hit the kobold.
You kill the kobold!
The jackal closely misses you. x2; The jackal misses you.
You hit the jackal.
The jackal is severely wounded.
The jackal misses you.
The jackal bites you. x2; The jackal barely misses you.
You are too injured to fight recklessly!
You are too injured to fight recklessly!
You are too injured to fight recklessly!
You are too injured to fight recklessly!
You are too injured to fight recklessly!
You are too injured to fight recklessly!
You are too injured to fight recklessly!
You are too injured to fight recklessly!
You are too injured to fight recklessly!
You are too injured to fight recklessly!
You are too injured to fight recklessly!
You hit the jackal.
The jackal is lightly wounded.
The jackal bites you.
* * * LOW HITPOINT WARNING * * *
The jackal bites you.
You die...

....# . #...
....# # #....
....#.#....#.
....#....#.
......... #.....
.# #..###.).# #.#
#......h.##..#
#..###.h@#..#####
##h#........
#.....#####
###.##..#
#.......######
##.#.#.........
...............
###.#.#...######
#.......#


You could see 3 jackals.

Vanquished Creatures
  A bat (D:1)
  An endoplasm (D:1)
  2 kobolds (D:1)
4 creatures vanquished.

Notes
Turn   | Place    | Note
-------+----------+-------------------------------------------
     0 | D:1      | mopl the Deep Elf Enchanter began the quest for the Orb.
     0 | D:1      | Reached XP level 1. HP: 10/10 MP: 6/6
    95 | D:1      | Slain by a jackal

Illustrated notes

Levels and vault maps discovered:
D:1:      kennysheep_arrival_forest, layout_loops_ring, nicolae_the_louvre

Action                     || total
---------------------------++-------
  Melee: Dagger            ||    22
   Stab: Sleeping          ||     1
 Armour: Robe              ||     9
  Dodge: Dodged            ||    25

Table legend: (Time is in decaauts)
 A = Elapsed time spent in this place.
 B = Non-inter-level travel time spent in this place.
 C = Inter-level travel time spent in this place.
 D = Time resting spent in this place.
 E = Time spent auto-exploring this place.
 F = Levels seen in this place.
 G = Mean time per level.
                   A        B        C        D        E       F      G
               +--------+--------+--------+--------+--------+-----+--------+
         Total |     93 |     93 |      0 |      0 |     41 |   1 |   93.0 |
       Dungeon |     93 |     93 |      0 |      0 |     41 |   1 |   93.0 |
               +--------+--------+--------+--------+--------+-----+--------+

Top non-repeatable levels by time:
     D:1: 93 daAuts
